 Dungeon Crawl Stone Soup version 0.31-a0-204-g7da18cac08 (webtiles) character file.

Game seed: 6047849984649615151

14 qw the Shooter (level 2, -2/16 HPs)
             Began as a Deep Elf Hunter on June 27, 2023.
             Succumbed to their own poison gas
             ... on level 1 of the Dungeon.
             The game lasted 00:00:11 (634 turns).

qw the Shooter (Deep Elf Hunter)                     Turns: 634, Time: 00:00:11

Health: -2/16      AC:  3    Str:  8    XL:     2   Next: 27%
Magic:  4/4        EV: 12    Int: 13    God:
Gold:   71         SH:  0    Dex: 24    Spells: 1/1 levels left

rFire   . . .        Y - +0 shortbow
rCold   . . .        (shield currently unavailable)
rNeg    . . .        c - +0 leather armour
rPois   .            (no helmet)
rElec   .            (no cloak)
rCorr   .            (no gloves)
SInv    .            (no boots)
Will    .....        (no amulet)
Stlth   ++           m - +6 ring of dexterity
HPRegen 0.22/turn    (no ring)
MPRegen 0.09/turn

%: no passive effects
@: lethally poisoned (-2 -> -19)
A: no striking features
a: no special abilities


You were on level 1 of the Dungeon.
You visited 1 branch of the dungeon, and saw 1 of its levels.

You collected 71 gold pieces.


   Skills:
 - Level 1.5 Fighting
 + Level 6.1 Ranged Weapons
 - Level 2.4 Dodging
 - Level 1.2 Stealth


You had one spell level left.
You didn't know any spells.
Your spell library was empty.

Inventory:

Hand Weapons
 Y - a +0 shortbow (weapon)
Armour
 c - a +0 leather armour (worn)
Jewellery
 e - a ring of fire
 m - a +6 ring of dexterity (left hand)
Scrolls
 a - a scroll of identify
Potions
 i - a potion of curing
 j - a potion of resistance {unknown}

Dungeon Overview and Level Annotations

Branches:
Dungeon (1/15)

Altars:


Message History

630 ||| READING 2 scrolls of identify.
As you read the scroll of identify, it crumbles to dust.
i - a potion of curing;
630 ||| IDENTIFYING fizzy white potion Partly explored, can't reach some places.
631 ||| DROPPING scroll of butterflies.
You drop a scroll of butterflies.
Partly explored, can't reach some places.
632 ||| DROPPING potion of berserk rage.
You drop a potion of berserk rage.
Partly explored, can't reach some places.
(D) Dungeon
Where to? (* - list waypoints, ? - help)
What level of the Dungeon? (default 1, ? - help) Sorry, I don't know how to get there.
Enter note:
Enter note:
Enter note:
Enter note:
Enter note:
Enter note:
Enter note:
Enter note:
Enter note: Really walk into that cloud of poison gas?
You are engulfed in poison gas.
You are lethally poisoned!
Ouch! That really hurt!
You feel very sick.
Enter note:
Enter note:
Enter note:
Enter note:
Enter note:
Enter note:
Enter note:
Enter note:
Enter note:
Enter note:
Enter note:
Enter note:
634 ||| Stepping ~*~*~tactically~*~*~ (cloud).
You die...

.###.#####..####....###
## ##.# #.## #¤¤..#
.###.## #.# #¤####
..#..# #.# #¤# .#.#.#
#.# #0# .#.#.# #.# #¤#
.#.#.# #.# #¤#
.....#####¤#####¤#
.#.###...¤¤¤¤¤0¤@# .#.#
#.###¤#######
.#)###.###.#
......#....#
.#.###.##### .......#
########


There were no monsters in sight!

Vanquished Creatures
  A bat (D:1)
  3 endoplasms (D:1)
  3 goblins (D:1)
  A hobgoblin (D:1)
  2 kobolds (D:1)
  2 rats (D:1)
12 creatures vanquished.

Notes
Turn   | Place    | Note
-------+----------+-------------------------------------------
     0 | D:1      | qw the Deep Elf Hunter began the quest for the Orb.
     0 | D:1      | Reached XP level 1. HP: 12/12 MP: 3/3
     0 | D:1      | 0 ||| qw: Version: 0.3-a-22-g0ed2b0b
     0 | D:1      | 0 ||| qw: Game counter: 6576
     0 | D:1      | 0 ||| qw: Melee chars always use a shield: true
     0 | D:1      | 0 ||| qw: God list: Okawaru
     0 | D:1      | 0 ||| qw: Allow faded altars: false
     0 | D:1      | 0 ||| qw: Do Orc after clearing Dungeon:15 true
     0 | D:1      | 0 ||| qw: Do second Lair branch before Depths: true
     0 | D:1      | 0 ||| qw: Lair rune preference: random
     0 | D:1      | 0 ||| qw: Goals: Normal
     0 | D:1      | 0 ||| PLANNING D:1-11
   305 | D:1      | Reached skill level 6 in Ranged Weapons
   305 | D:1      | Reached XP level 2. HP: 16/16 MP: 4/4
   623 | D:1      | 623 ||| UPGRADING to +6 ring of dexterity.
   624 | D:1      | 624 ||| READING 4 scrolls labelled MADOGHU RUMINEU.
   625 | D:1      | 625 ||| READING scroll labelled OLLASA NOJUSIU.
   626 | D:1      | 626 ||| READING scroll labelled ETZIASUJIL.
   627 | D:1      | 627 ||| READING scroll labelled PUFAREI KEGHER.
   628 | D:1      | 628 ||| READING scroll labelled BUIQIDUDUW.
   629 | D:1      | 629 ||| READING 3 scrolls of identify.
   629 | D:1      | 629 ||| IDENTIFYING amethyst potion
   630 | D:1      | 630 ||| READING 2 scrolls of identify.
   630 | D:1      | 630 ||| IDENTIFYING fizzy white potion
   631 | D:1      | 631 ||| DROPPING scroll of butterflies.
   632 | D:1      | 632 ||| DROPPING potion of berserk rage.
   633 | D:1      | HP: 2/16 [poisoned by you (poison gas)]
   634 | D:1      | 634 ||| Stepping ~*~*~tactically~*~*~ (cloud).
   634 | D:1      | Succumbed to their own poison gas

Levels and vault maps discovered:
D:1:      denvon_arrival_planthouse, layout_loops_ring

Skill      XL: |  1 |
---------------+----+-----
Ranged Weapons | 6 |  6.1
Fighting       | |  1.5
Dodging        | |  2.4
Stealth        | |  1.2

Action                     || total
---------------------------++-------
   Fire: Shortbow          ||    21
    Use: Scroll            ||     7
  Dodge: Dodged            ||     2

Table legend:
 A = Non-vault XP
 B = Vault XP
 C = Vault XP percentage of total XP
 D = Non-vault monster count
 E = Vault monster count
 F = Vault count percentage of total count
                 A         B        C        D         E       F
            +---------+---------+-------+---------+---------+-------
      Total |      20 |       0 |   0.0 |      12 |       0 |   0.0
            +---------+---------+-------+---------+---------+-------
        D:1 |      20 |       0 |   0.0 |      12 |       0 |   0.0
            +---------+---------+-------+---------+---------+-------
